 Dungeon Crawl Stone Soup version 0.24-a0-170-gd8427f5 (webtiles) character file.

Game seed: 7923889939369128482

360 lemonriz the Skirmisher (level 6, -1/48 HPs)
             Began as a Demonspawn Skald on Mar 9, 2019.
             Slain by a slave (7 damage)
             ... led by Pikel
             ... on level 4 of the Dungeon.
             The game lasted 00:09:11 (4304 turns).

lemonriz the Skirmisher (Demonspawn Skald)          Turns: 4304, Time: 00:09:14

Health: -1/48      AC:  5    Str: 13    XL:     6   Next: 38%
Magic:  2/9        EV: 12    Int: 20    God:
Gold:   106        SH:  0    Dex: 12    Spells: 1/9 levels left

rFire    . . .     SeeInvis .   a - +0 spear
rCold    . . .     Gourm    .   (no shield)
rNeg     . . .     Faith    .   b - +0 leather armour
rPois    .         Spirit   .   g - +0 hat
rElec    .         Reflect  .   (no cloak)
rCorr    .         Harm     .   i - +0 pair of gloves
MR       .....                  m - +0 pair of boots
Stlth    +.........             (no amulet)
HPRegen  0.16/turn              (no ring)
MPRegen  0.11/turn              (no ring)

@: brilliant, infused, singing, very slightly contaminated
A: horns 2, powered by pain 1
a: no special abilities


You were on level 4 of the Dungeon.
You were not hungry.

You visited 1 branch of the dungeon, and saw 4 of its levels.

You collected 106 gold pieces.

Inventory:

Hand Weapons
 a - a +0 spear (weapon)
Armour
 b - a +0 leather armour (worn)
 g - a +0 hat (worn)
 i - a +0 pair of gloves (worn)
 m - a +0 pair of boots (worn)
Jewellery
 n - an uncursed ring of ice
Wands
 p - a wand of flame (18)
Scrolls
 h - 6 scrolls of identify
 k - a scroll of magic mapping {unknown}
 l - 4 scrolls of remove curse {unknown}
 o - 6 scrolls of teleportation {unknown}
 q - 2 scrolls of enchant armour {unknown}
 r - a scroll of immolation {unknown}
 s - a scroll of amnesia {unknown}
Potions
 e - a potion of might
 f - a potion of degeneration
Comestibles
 d - 8 rations


   Skills:
 + Level 4.1 Fighting
 + Level 3.7 Polearms
 - Level 2.0 Armour
 - Level 3.2 Dodging
 - Level 2.0 Spellcasting
 - Level 3.0 Charms


You had one spell level left.
You knew the following spells:

 Your Spells              Type           Power        Failure   Level  Hunger
a - Infusion              Chrm           ####         1%          1    #......
b - Song of Slaying       Chrm           ####....     1%          2    ##.....
c - Shroud of Golubria    Chrm/Tloc      ###.......   1%          2    ##.....
d - Spectral Weapon       Hex/Chrm       ###.....     4%          3    ###....

Your spell library contained the following spells:

 Spells                   Type           Power        Failure   Level  Hunger
 Regeneration             Chrm/Necr      ###.......   4%          3    ###....


Dungeon Overview and Level Annotations

Branches:
Dungeon (4/15)
 Temple: D:4-7

Altars:
Elyvilon
Fedhas
Nemelex Xobeh
Qazlal

Annotations:
D:4 Pikel


Innate Abilities, Weirdness & Mutations

You have a pair of horns on your head.
You sometimes gain a little power by taking damage.


Message History

Pikel is moderately wounded.
Your shroud bends Pikel's attack away.
The slave hits you!
Your shroud falls apart!
The slave barely misses you.
You barely miss Pikel. You headbutt Pikel, but do no damage.
Pikel is moderately wounded.
Pikel hits you with a +0 whip of freezing.
Pikel freezes you.
* * * LOW HITPOINT WARNING * * *
The slave hits you.
* * * LOW HITPOINT WARNING * * *
The slave misses you.
It was a potion of brilliance.
You feel clever all of a sudden.
Pikel hits you with a +0 whip of freezing.
* * * LOW HITPOINT WARNING * * *
Pikel freezes you.
* * * LOW HITPOINT WARNING * * *
The slave hits you!
You die...

...#.....#......#....##...#
...#.....#......#.........#
...#.....#......#.........#
...#.....#......#.........#
...#.....#......#.........#
...#.....#......#....##...#
...##....#......#....######
...##....#.....p#.........#
...#.....#....pK@.........#
...##....#.....p#...[.....#
...##...(#......#.........#
.........#.....>#.........#
.........#......'.........#
.........#......#.........#
##########......###########
########


You could see Pikel and 3 slaves.

Vanquished Creatures
  A slave (D:4)
  A bullfrog (D:2)
  3 orc wizards (D:3)
  Natasha (D:3)
  A worker ant (D:4)
  A gnoll (D:1)
  6 adders
  2 oozes
  An adder skeleton (D:3)
  3 worms
  A dart slug (D:2)
  A leopard gecko (D:3)
  8 orcs (D:3)
  8 bats
  3 giant cockroaches
  8 goblins
  7 hobgoblins
  7 jackals
  A quokka (D:3)
  2 frilled lizards
  10 kobolds
  9 rats
85 creatures vanquished.

Notes
Turn   | Place    | Note
-------+----------+-------------------------------------------
     0 | D:1      | lemonriz the Demonspawn Skald began the quest for the Orb.
     0 | D:1      | Reached XP level 1. HP: 16/16 MP: 3/3
     2 | D:1      | Noticed an elf
     4 | D:1      | Noticed a halfling
     4 | D:1      | Noticed a minotaur
     6 | D:1      | Noticed a felid
     6 | D:1      | Noticed a troll
     8 | D:1      | Noticed a tengu
    10 | D:1      | Noticed a centaur
    10 | D:1      | Noticed a ghoul
    12 | D:1      | Noticed a merfolk
    14 | D:1      | Noticed an octopode
    14 | D:1      | Noticed a human
    16 | D:1      | Noticed a formicid
    18 | D:1      | Noticed a vampire
    18 | D:1      | Noticed a demigod
    20 | D:1      | Noticed a dwarf
    20 | D:1      | Noticed a spriggan
    22 | D:1      | Noticed a gargoyle
    22 | D:1      | Noticed an ogre
    24 | D:1      | Noticed a demonspawn
    24 | D:1      | Noticed a naga
    26 | D:1      | Noticed a draconian
    26 | D:1      | Noticed a vine stalker
    36 | D:1      | Reached skill level 1 in Armour
   511 | D:1      | Gained mutation: You have a pair of small horns on your
                  | head. [demonic ancestry]
   511 | D:1      | Reached XP level 2. HP: 20/22 MP: 0/5
  1191 | D:1      | Gained mutation: You have a pair of horns on your head.
                  | [demonic ancestry]
  1191 | D:1      | Reached XP level 3. HP: 26/27 MP: 1/6
  1292 | D:1      | Learned a level 2 spell: Song of Slaying
  1295 | D:1      | Learned a level 2 spell: Shroud of Golubria
  1654 | D:2      | Found a sparkling altar of Nemelex Xobeh.
  1695 | D:2      | You fall through a shaft!
  1822 | D:2      | Gained mutation: You sometimes gain a little power by
                  | taking damage. [demonic ancestry]
  1822 | D:2      | Reached XP level 4. HP: 11/34 MP: 5/7
  2169 | D:2      | Found a blossoming altar of Fedhas.
  2223 | D:2      | Noticed a bullfrog
  2241 | D:2      | HP: 1/34 [bullfrog (1)]
  2250 | D:2      | Killed a bullfrog
  2250 | D:2      | Reached XP level 5. HP: 7/40 MP: 8/8
  2251 | D:2      | HP: 2/40 [something (1)]
  2698 | D:2      | Learned a level 3 spell: Spectral Weapon
  2891 | D:3      | Reached skill level 3 in Fighting
  3152 | D:3      | Found a stormy altar of Qazlal.
  3314 | D:3      | Noticed Natasha
  3328 | D:3      | Killed Natasha
  3357 | D:3      | Reached XP level 6. HP: 48/48 MP: 3/9
  3593 | D:4      | Found a white marble altar of Elyvilon.
  3998 | D:4      | Reached skill level 4 in Fighting
  4045 | D:4      | Noticed a slave
  4045 | D:4      | Noticed Pikel
  4045 | D:4      | Noticed a slave
  4114 | D:4      | Killed a slave
  4295 | D:4      | Noticed a slave
  4295 | D:4      | Noticed a slave
  4304 | D:4      | Slain by a slave

Levels and vault maps discovered:
D:1:      kb_arrival_jail, layout_basic
D:2:      layout_basic, overflow_temple_1_default, old_standard_altar
D:3:      layout_basic, grunt_qazlal_clouds, uniq_natasha
D:4:      layout_gridville, grunt_temple_overflow_diamond, elyvilon_altar_5,
          first_ration, uniq_pikel

Skill      XL: |  1  2  3  4  5  6 |
---------------+-------------------+-----
Armour         | 1 2 |  2.0
Dodging        | 2 3 |  3.2
Polearms       | 2 3 |  3.7
Charms         | 3 |  3.0
Fighting       | 3 4 |  4.1
Spellcasting   | |  2.0

Action                   |  1- 3 |  4- 6 || total
-------------------------+-------+-------++-------
Melee: Spear             |   162 |   192 ||   354
       Headbutt          |    14 |    37 ||    51
 Cast: Infusion          |     3 |     6 ||     9
       Shroud of Golubri |     1 |     5 ||     6
       Song of Slaying   |       |     4 ||     4
  Use: Potion            |     1 |     5 ||     6
       Scroll            |     1 |       ||     1
 Stab: Sleeping          |     2 |       ||     2
  Eat: Chunk             |     3 |     9 ||    12
Armor: Leather armour    |    34 |    37 ||    71
Dodge: Dodged            |    85 |    80 ||   165

Table legend:
 A = Non-vault XP
 B = Vault XP
 C = Vault XP percentage of total XP
 D = Non-vault monster count
 E = Vault monster count
 F = Vault count percentage of total count
                 A         B        C        D         E       F
            +---------+---------+-------+---------+---------+-------
      Total |     482 |      33 |   6.4 |      83 |       1 |   1.2
            +---------+---------+-------+---------+---------+-------
        D:1 |      59 |       0 |   0.0 |      28 |       0 |   0.0
        D:2 |     145 |       0 |   0.0 |      17 |       0 |   0.0
        D:3 |     192 |      33 |  14.7 |      31 |       1 |   3.1
        D:4 |      86 |       0 |   0.0 |       7 |       0 |   0.0
            +---------+---------+-------+---------+---------+-------
